 Dungeon Crawl Stone Soup version 0.16-a0-1784-gf5591c9 (webtiles) character file.

105 timbw the Sneak (level 4, 8/36 HPs)
             Began as a Demigod Assassin on Nov 1, 2014.
             Quit the game on level 6 of the Dungeon.
             The game lasted 00:07:17 (1283 turns).

timbw the Sneak (Demigod Assassin)                  Turns: 1283, Time: 00:07:17

Health: 8/36       AC:  7    Str: 19    XL:     4   Next: 29%
Magic:  7/7        EV: 11    Int: 15    God:
Gold:   90         SH:  0    Dex: 19    Spells: 0 memorised, 3 levels left

rFire  . . .     SeeInvis .     a - +2 dagger
rCold  . . .     Clarity  .     h - +0 ring mail
rNeg   . . .     SustAb   +     (no shield)
rPois  +         Gourm    .     m - +0 helmet
rElec  .         Spirit   .     d - +0 cloak
rCorr  .         Warding  .     (no gloves)
rMut   .         Stasis   .     (no boots)
MR     .....                    (no amulet)
Stlth  ++........               p - ring of poison resistance
                                l - +5 ring of strength

@: not resistant to hostile enchantments, unstealthy
A: sustain abilities
a: no special abilities


You were on level 6 of the Dungeon.
You were not hungry.

You visited 1 branch of the dungeon, and saw 6 of its levels.

You collected 90 gold pieces.

Inventory:

Hand weapons
 a - a +2 dagger (weapon)
 b - a +1 blowgun
Missiles
 e - 8 poisoned needles
 f - 2 curare-tipped needles
 o - a tomahawk (quivered)
Armour
 c - a +0 robe
 d - a +0 cloak (worn)
 h - a +0 ring mail (worn)
 i - a +0 scale mail
 m - a +0 helmet (worn)
Jewellery
 l - a +5 ring of strength (left hand)
 p - a ring of poison resistance (right hand)
Potions
 n - a potion of brilliance {unknown}
 r - a potion of lignification {unknown}
 s - a potion of curing {unknown}
Comestibles
 g - 2 bread rations
 j - 2 meat rations
 k - 3 chunks of flesh


   Skills:
 - Level 1.7 Fighting
 - Level 1.7 Short Blades
 - Level 1.7 Throwing
 + Level 2.8 Dodging
 + Level 4.8 Stealth


You had 3 spell levels left.
You didn't know any spells.

Dungeon Overview and Level Annotations

Branches:
Dungeon (6/15)             Temple (0/1) D:5

Annotations:
D:6 exclusion: oklob plant, Edmund, Prince Ribbit, Sigmund


Innate Abilities, Weirdness & Mutations

Your attributes are resistant to harm.


Message History

Prince Ribbit barely misses you.
Found 12 gold pieces.
Prince Ribbit hits you but does no damage.
Marking area around the oklob plant as unsafe for travelling.
An oklob plant comes into view.
Found a blossoming altar of Fedhas.
You aren't carrying any spellbooks or scrolls.
Edmund grinds his teeth, and then sighs.
Prince Ribbit barely misses you.
The hobgoblin hits you but does no damage.
Edmund hits you with a dire flail. The hobgoblin barely misses you.
Prince Ribbit hits you! The hobgoblin hits you.
Edmund hits you but does no damage. Edmund closely misses you.
You barely miss the hobgoblin. Prince Ribbit hits you.
The hobgoblin hits you but does no damage.
Prince Ribbit hits you!
* * * LOW HITPOINT WARNING * * *
Edmund hits you but does no damage.
Are you sure you want to abandon this character and quit the game? (Confirm with "yes".)

#.#### ####.#... #.....†..
#### #.#..#..# $.# #$#..#..#
#.### #.#.....# ####.#.##
#.#.###.# #
#....g..#######.#.###.#
##P..##.##.@@........?.......
#P_P.......F..######.########
#.P.########### #.# #. #F#
#g# #.# #§# ... .#.


You could see Edmund, Prince Ribbit and a hobgoblin.

Vanquished Creatures
  An orc wizard (D:6)
  A worker ant (D:4)
  An adder (D:3)
  A shadow imp (D:3)
  3 orcs (D:6)
  A giant cockroach (D:1)
  9 goblins
  7 hobgoblins
  6 bats
  2 giant newts
  A hobgoblin zombie (D:3)
  2 jackals (D:6)
  3 kobolds
  6 rats
44 creatures vanquished.

Notes
Turn   | Place    | Note
--------------------------------------------------------------
     0 | D:1      | timbw, the Demigod Assassin, began the quest for the Orb.
     0 | D:1      | Reached XP level 1. HP: 17/17 MP: 2/2
    90 | D:1      | Reached skill level 1 in Dodging
   275 | D:2      | Reached XP level 2. HP: 22/24 MP: 3/3
   446 | D:1      | Reached skill level 4 in Stealth
   549 | D:3      | Reached XP level 3. HP: 22/29 MP: 5/5
   579 | D:3      | Found a stormy altar of Qazlal.
   817 | D:4      | Found a radiant altar of Vehumet.
   817 | D:4      | Found a shadowy altar of Dithmenos.
   853 | D:4      | Noticed a phantom
   905 | D:5      | Entered Level 5 of the Dungeon
   909 | D:5      | Noticed an ice beast
   930 | D:4      | Found a shimmering altar of Xom.
  1053 | D:4      | t.t
  1078 | D:5      | Found a staircase to the Ecumenical Temple.
  1167 | D:6      | Reached XP level 4. HP: 33/36 MP: 7/7
  1255 | D:6      | Noticed Edmund
  1256 | D:6      | Noticed Sigmund
  1263 | D:6      | Noticed Prince Ribbit
  1276 | D:6      | Found a blossoming altar of Fedhas.
  1276 | D:6      | Noticed an oklob plant
  1283 | D:6      | Quit the game

Action                   |  1- 3 |  4- 6 || total
-------------------------+-------+-------++-------
Melee: Dagger            |   131 |     8 ||   139
 Fire: Blowgun           |     9 |       ||     9
  Use: Scroll            |     7 |       ||     7
 Stab: Sleeping          |     6 |       ||     6
  Eat: Chunk             |     1 |     1 ||     2
